 Dungeon Crawl Stone Soup version 0.20.1-1-g8b1a95d (webtiles) character file.

37 tidbits the Insei (level 3, 4/27 HPs)
             Began as a Demigod Transmuter on Aug 20, 2017.
             Quit the game on level 2 of the Dungeon.
             The game lasted 00:05:18 (665 turns).

tidbits the Insei (Demigod Transmuter)               Turns: 665, Time: 00:05:19

Health: 4/27       AC:  2    Str: 13    XL:     3   Next: 8%
Magic:  5/8        EV: 12    Int: 19    God:
Gold:   66         SH:  0    Dex: 16    Spells: 2/5 levels left

rFire    . . .     SeeInvis .     - Unarmed
rCold    . . .     Gourm    .   (no shield)
rNeg     . . .     Faith    .   b - +0 robe
rPois    .         Spirit   .   (no helmet)
rElec    .         Reflect  .   (no cloak)
rCorr    .         Harm     .   (no gloves)
MR       .....                  (no boots)
Stlth    +.........             (no amulet)
Regen    0.1/turn               (no ring)
MPRegen  0.2/turn               (no ring)

@: lethally poisoned (4 -> -3)
A: high mp 1
a: no special abilities


You were on level 2 of the Dungeon.
You were not hungry.

You visited 1 branch of the dungeon, and saw 2 of its levels.

You collected 66 gold pieces.

Inventory:

Missiles
 a - 16 arrows
Armour
 b - a +0 robe (worn)
 j - +0 fire dragon scales
Scrolls
 e - a scroll of identify {unknown}
 f - a scroll of amnesia
 g - a scroll of magic mapping {unknown}
Books
 c - a book of Changes

   Spells                             Type                      Level
   a - Beastly Appendage              Transmutation                1
   b - Sticks to Snakes               Transmutation                2
   c - Spider Form                    Transmutation/Poison         3
   d - Ice Form                       Ice/Transmutation            4
   e - Blade Hands                    Transmutation                5
Comestibles
 d - a bread ration
 h - a meat ration
 i - 2 fruits
 k - 2 chunks of flesh


   Skills:
 - Level 0.8 Fighting
 - Level 1.7 Dodging
 + Level 3.9 Unarmed Combat
 - Level 1.7 Spellcasting
 - Level 1.7 Transmutations


You had 2 spell levels left.
You knew the following spells:

 Your Spells              Type           Power        Failure   Level  Hunger
e - Beastly Appendage     Tmut           #.....       9%          1    #......
k - Sticks to Snakes      Tmut           #.......     13%         2    ###....


Dungeon Overview and Level Annotations

Branches:
Dungeon (2/15)


Innate Abilities, Weirdness & Mutations

You have an increased reservoir of magic. (+10% MP)


Message History

You barely miss the frilled lizard. The frilled lizard barely misses you.
You hit the frilled lizard but do no damage.
Your kick misses the frilled lizard. The frilled lizard closely misses you.
You barely miss the frilled lizard. The frilled lizard barely misses you.
You miss the frilled lizard. Your kick misses the frilled lizard.
The frilled lizard misses you.
You hit the frilled lizard.
You kill the frilled lizard!
You see here a frilled lizard corpse.
Your talons disappear.
You see here a frilled lizard corpse.
You see here a robe.
There is an open door here.
You see here a bat corpse.
Found a meat ration.
h - a meat ration
Casting: Beastly Appendage
Confirm with . or Enter, or press ? or * to list all spells.
Your feet morph into talons.
Your transformation is almost over.
Casting: Beastly Appendage
Confirm with . or Enter, or press ? or * to list all spells.
You create a snake!
You now have 17 arrows.
You hit the worm. You claw the worm.
The worm is moderately wounded.
Your ball python bites the worm but does no damage.
Your ball python grabs the worm.
Your ball python constricts the worm.
The worm barely misses you.
You hit the worm.
The worm is severely wounded.
Your ball python bites the worm.
Your ball python constricts the worm.
You hit the worm.
You kill the worm!
You swap places.
You see here a worm corpse.
You butcher the worm corpse.
k - 2 chunks of flesh Your talons disappear.
You see here a bat skeleton.
An adder comes into view.
The adder hisses angrily.
You miss the adder. The adder bites you.
Your ball python bites the adder.
Your ball python grabs the adder.
Your ball python constricts the adder.
You barely miss the adder.
The adder is moderately wounded.
The adder bites you.
You are poisoned.
The adder poisons you!
Your ball python barely misses the adder.
Your ball python constricts the adder.
The adder bites you.
You are more poisoned.
The adder poisons you!
You barely miss the adder.
The adder is moderately wounded.
You feel sick.
Your ball python bites the adder but does no damage.
Your ball python constricts the adder.
The adder bites you but does no damage.
You hit the adder.
The adder is heavily wounded.
You feel sick.
Your ball python bites the adder.
Your ball python constricts the adder.
The adder closely misses you.
You barely miss the adder.
The adder is almost dead.
Your ball python loses its grip on the adder.
Your ball python withers and dies!
The adder closely misses you.
You miss the adder.
The adder is almost dead.
You feel sick. The adder barely misses you.
You miss the adder.
The adder is almost dead.
The adder closely misses you. The adder barely misses you.
You closely miss the adder.
The adder is severely wounded.
You feel sick. The adder bites you.
* * * LOW HITPOINT WARNING * * *
Casting: Sticks to Snakes
Confirm with . or Enter, or press ? or * to list all spells.
You create a snake!
You now have 16 arrows.
The adder bites you.
* * * LOW HITPOINT WARNING * * *
You hit the adder but do no damage.
The adder is severely wounded.
* * * LOW HITPOINT WARNING * * *
You feel sick. The adder bites you.
* * * LOW HITPOINT WARNING * * *
You are more poisoned.
The adder poisons you!
Your ball python bites the adder.
Your ball python misses the adder.
You hit the adder but do no damage. You punch the adder.
You kill the adder!
You have reached level 3!
Your experience leads to a dramatic increase in your attributes!
Increase (S)trength, (I)ntelligence, or (D)exterity?
You feel clever. x2
* * * LOW HITPOINT WARNING * * *
You feel sick.
You aren't carrying any potions.
You aren't carrying any potions.
Unknown command.
Are you sure you want to abandon this character and quit the game? (Confirm with "yes".)

###.######
.......S@############
######.####.#..........#
#<....... #.#.########.#
#.#.#...# #.#.#......#.#
#.# # # #.#.#.###.##.#
... #.#.#.#.#.##.# #.#
#<รท.....#....# #.# ##
#.#.########## #.# #.
#.#...


You could see a friendly ball python.

Vanquished Creatures
  An adder (D:2)
  A worm (D:2)
  2 leopard geckos (D:1)
  A ball python (D:1)
  A giant cockroach (D:1)
  2 goblins (D:1)
  3 hobgoblins
  4 jackals (D:1)
  2 bats
  A frilled lizard (D:2)
  2 kobolds (D:1)
  A rat (D:1)
21 creatures vanquished.

Vanquished Creatures (collateral kills)
  A leopard gecko (D:1)
  2 goblins (D:1)
  A bat (D:2)
  A frilled lizard (D:2)
5 creatures vanquished.

Grand Total: 26 creatures vanquished

Notes
Turn   | Place    | Note
-------+----------+-------------------------------------------
     0 | D:1      | tidbits the Demigod Transmuter began the quest for the Orb.
     0 | D:1      | Reached XP level 1. HP: 15/15 MP: 5/5
    92 | D:1      | Reached skill level 3 in Unarmed Combat
   129 | D:1      | Reached XP level 2. HP: 6/22 MP: 2/7
   133 | D:1      | Learned a level 2 spell: Sticks to Snakes
   664 | D:2      | Reached XP level 3. HP: 5/27 MP: 5/8
   665 | D:2      | Quit the game

Skill      XL: |  1 |
---------------+----+-----
Unarmed Combat | 3 |  3.9
Fighting       | |  0.8
Dodging        | |  1.7
Spellcasting   | |  1.7
Transmutations | |  1.7

Action                   || total
-------------------------++-------
Melee: Unarmed           ||    66
       Kick              ||    10
       Headbutt          ||     5
       Punch             ||     1
 Cast: Beastly Appendage ||    17
       Sticks to Snakes  ||     8
  Use: Scroll            ||     1
       Potion            ||     1
 Stab: Sleeping          ||     1
Armor: Robe              ||    12
       Skin              ||     2
Dodge: Dodged            ||    36

Table legend:
 A = Turns spent in this place as a percentage of turns spent in the entire game.
 B = Non-inter-level travel turns spent in this place as a percentage of non-inter-level travel turns spent in the entire game.
 C = Inter-level travel turns spent in this place as a percentage of turns spent in this place.
 D = Turns resting spent in this place as a percentage of non-inter-level travel turns spent in this place.
 E = Turns spent auto-exploring this place as a percentage of non-inter-level travel turns spent in this place.
 F = Non-inter-level travel turns spent in this place divided by the number of levels of this place that you've seen.
                   A       B       C       D       E      F
               +-------+-------+-------+-------+-------+----------------------
         Total | 100.0 | 100.0 |   0.0 |   0.0 |   0.0 | 301.5
       Dungeon | 100.0 | 100.0 |   0.0 |   0.0 |   0.0 | 301.5
               +-------+-------+-------+-------+-------+----------------------

Table legend:
 A = Kills in this place as a percentage of kills in entire the game.
 B = Kills by you in this place as a percentage of kills by you in the entire game.
 C = Kills by friends in this place as a percentage of kills by friends in the entire game.
 D = Other kills in this place as a percentage of other kills in the entire game.
 E = Experience gained in this place as a percentage of experience gained in the entire game.
 F = Experience gained in this place divided by the number of levels of this place that you have seen.
                   A       B       C       D       E      F
               +-------+-------+-------+-------+-------+----------------------
         Total | 100.0 | 100.0 | 100.0 |  -nan | 100.0 |  27.0
       Dungeon | 100.0 | 100.0 | 100.0 |  -nan | 100.0 |  27.0
               +-------+-------+-------+-------+-------+----------------------

Vault maps used:
D:1:      eino_arrival_cavern_c
D:2:      kiku_gazebo_garden_becter, lemuel_blue_sif_altar, first_bread
